 Dungeon Crawl Stone Soup version 0.30-a0-879-ga8ba668304 (webtiles) character file.

Game seed: 10143788472614192566

5 M4edhros the Charlatan (level 1, -2/13 HPs)
             Began as an Octopode Artificer on Mar 14, 2023.
             Frozen to death by an endoplasm (4 damage)
             ... on level 1 of the Dungeon.
             The game lasted 00:00:17 (144 turns).

M4edhros the Charlatan (Octopode Artificer)          Turns: 144, Time: 00:00:17

Health: -2/13      AC:  1    Str: 11    XL:     1   Next: 80%
Magic:  1/1        EV: 13    Int: 13    God:
Gold:   32         SH:  0    Dex: 12    Spells: 0/0 levels left

rFire   . . .      SeeInvis .    (no weapon)
rCold   . . .      Faith    .    (no shield)
rNeg    . . .      Spirit   .    (helmet restricted)
rPois   .          Reflect  .    (no amulet)
rElec   .          Rampage  .    (no ring)
rCorr   .                        (no ring)
Will    .....                    (no ring)
Stlth   +++                      (no ring)
HPRegen 0.22/turn                (no ring)
MPRegen 0.07/turn                (no ring)
                                 (no ring)
                                 (no ring)

@: no status effects
A: almost no armour, amphibious, 8 rings, camouflage 1, gelatinous body 1,
(nimble swimmer 1), tentacles
a: no special abilities


You were on level 1 of the Dungeon.
You visited 1 branch of the dungeon, and saw 1 of its levels.

You collected 32 gold pieces.

Inventory:

Hand Weapons
 e - a +1 sling of flaming
Wands
 b - a wand of flame (15) (quivered)
 c - a wand of charming (15)
 d - a wand of iceblast (5)
Scrolls
 a - a scroll of fear {unknown}


   Skills:
 + Level 1.1 Fighting
 + Level 2.4 Dodging
 - Level 1.3 Stealth
 * Level 0.8 Unarmed Combat
 - Level 3.2 Evocations


You couldn't memorise any spells.
You didn't know any spells.
Your spell library was empty.

Dungeon Overview and Level Annotations

Branches:
Dungeon (1/15)

Altars:


Innate Abilities, Weirdness & Mutations

You cannot wear most types of armour.
You are amphibious.
You can wear up to eight rings at the same time.
Your skin changes colour to match your surroundings (Stealth+).
Your rubbery body absorbs attacks. (AC +1, EV +1)
((You are camouflaged when in or above water. (Stealth+)))
You have tentacles for arms and can constrict up to eight enemies at once.


Message History

The ball python constricts you. The ball python closely misses you.
The ball python constricts you.
A ball python is nearby!
You tentacle-slap the ball python.
You kill the ball python!
You now have 32 gold pieces (gained 10).
A goblin comes into view. It is wielding a +1 dagger of flaming.
Found a hand axe.
You see here 3 gold pieces.
An endoplasm comes into view.
The endoplasm quivers.
There are monsters nearby!
Found 4 gold pieces.
The endoplasm jiggles.
There are monsters nearby!
There are monsters nearby!
There are monsters nearby!
The endoplasm freezes you.
You are frozen.
You tentacle-slap the endoplasm.
The endoplasm is heavily wounded.
The goblin shouts!
The endoplasm freezes you.
You are frozen.
You barely miss the endoplasm.
The endoplasm is heavily wounded.
The endoplasm freezes you.
You are frozen.
You are too injured to fight recklessly!
Unknown command.
You are too injured to fight recklessly!
You tentacle-slap the endoplasm but do no damage.
The endoplasm is heavily wounded.
The goblin hits you with a +1 dagger of flaming.
* * * LOW HITPOINT WARNING * * *
The goblin burns you.
* * * LOW HITPOINT WARNING * * *
The endoplasm freezes you.
You are frozen.
You die...

#...........# #.#
#.... #####†....###
#.# ##### #.....###
#.#######
#..................
#$#######......####
#.# #.#######.
#)...$....
##@....##.
.......Jg...#
#######.....#
#)....... #......##
###### ######.#
...... .# ≈~##### .
#≈≈#.#≈ .~≈≈#≈#.#≈


You could see an endoplasm and a goblin.

Vanquished Creatures
  A dart slug (D:1)
  A ball python (D:1)
  A bat (D:1)
  A frilled lizard (D:1)
  A kobold (D:1)
5 creatures vanquished.

Notes
Turn   | Place    | Note
-------+----------+-------------------------------------------
     0 | D:1      | M4edhros the Octopode Artificer began the quest for the
                  | Orb.
     0 | D:1      | Reached XP level 1. HP: 13/13 MP: 1/1
   144 | D:1      | Frozen to death by an endoplasm

Illustrated notes

Levels and vault maps discovered:
D:1:      spicycebolla_arrival_xxxplode, layout_basic

Action                     || total
---------------------------++-------
  Melee: Unarmed           ||    18
         Constrict         ||     5
         Punch             ||     2
         Tentacles         ||     2
         Club              ||     1
   Stab: Sleeping          ||     1
 Armour: Skin              ||     2
  Dodge: Dodged            ||    15

Table legend: (Time is in decaauts)
 A = Elapsed time spent in this place.
 B = Non-inter-level travel time spent in this place.
 C = Inter-level travel time spent in this place.
 D = Time resting spent in this place.
 E = Time spent auto-exploring this place.
 F = Levels seen in this place.
 G = Mean time per level.
                   A        B        C        D        E       F      G
               +--------+--------+--------+--------+--------+-----+--------+
         Total |    144 |    144 |      0 |      0 |     92 |   1 |  144.0 |
       Dungeon |    144 |    144 |      0 |      0 |     92 |   1 |  144.0 |
               +--------+--------+--------+--------+--------+-----+--------+

Top non-repeatable levels by time:
     D:1: 144 daAuts
